 Dungeon Crawl Stone Soup version 0.31-a0-920-g28cbb04a8c (webtiles) character file.

Game seed: 6325130411889820851

602 Sanktem7 the Chopper (level 7, -3/61 HPs)
             Began as a Minotaur Fighter on Oct 18, 2023.
             Was an Initiate of Okawaru.
             Slain by an ogre
             ... wielding a +0 giant club
              (23 damage)
             ... on level 5 of the Dungeon.
             The game lasted 00:03:26 (3164 turns).

Sanktem7 the Chopper (Minotaur Fighter)             Turns: 3164, Time: 00:03:27

Health: -3/61      AC:  8    Str: 23    XL:     7   Next: 18%
Magic:  6/6        EV:  9    Int:  5    God:    Okawaru [......]
Gold:   243        SH:  5    Dex:  9    Spells: 6/6 levels left

rFire   . . .        a - +0 war axe {axe}
rCold   . . .        c - +0 buckler
rNeg    . . .        b - +0 scale mail
rPois   .            (helmet restricted)
rElec   .            x - +0 cloak
rCorr   .            (no gloves)
SInv    +            (no boots)
Will    .....        (no amulet) Stlth
                     v - ring of see invisible
HPRegen 0.30/turn    (no ring)
MPRegen 0.10/turn

%: no passive effects
@: no status effects
A: horns 2, retaliatory headbutt
a: Renounce Religion


You were on level 5 of the Dungeon.
You worshipped Okawaru.
Okawaru was noncommittal.
You visited 2 branches of the dungeon, and saw 6 of its levels.

You collected 243 gold pieces.


Innate Abilities, Weirdness & Mutations

You have a pair of horns on your head.
You reflexively headbutt those who attack you in melee.


   Skills:
 + Level 5.4 Fighting
 * Level 6.3 Axes
 + Level 5.5 Armour
 + Level 5.4 Shields


You had 6 spell levels left.
You didn't know any spells.
Your spell library contained the following spells:

 Spells                   Type           Power      Damage    Failure   Level
 Wereblood                Tmut           0%         N/A       92%         2
 Inner Flame              Hex/Fire       0%         N/A       99%         3
 Flame Wave               Conj/Fire      0%         2d4       100%        4
 Sticky Flame             Conj/Fire      0%         2d3       100%        4
 Irradiate                Conj/Tmut      0%         3d11      100%        5

Inventory:

Hand Weapons
 a - a +0 war axe (weapon) {axe}
 q - a +2 hand axe of flaming {axe}
   (You took it off an orc on level 2 of the Dungeon)
Missiles
 e - 14 stones {throwing}
 h - 7 poisoned darts {throwing}
Armour
 b - a +0 scale mail (worn)
 c - a +0 buckler (worn)
 x - a +0 cloak (worn)
   (You took it off Crazy Yiuf on level 3 of the Dungeon)
 C - the +2 ring mail of Leapfrog {rCorr}
   (You found it on level 5 of the Dungeon)

   rCorr:     It protects you from acid and corrosion.
Magical Staves
 l - a staff of cold {!astaff}
   (You found it on level 2 of the Dungeon)
Jewellery
 v - a ring of see invisible (left hand)
   (You found it on level 3 of the Dungeon)
 A - a ring of wizardry
   (You found it on level 4 of the Dungeon)
 D - an amulet of magic regeneration {@e2}
   (You found it on level 5 of the Dungeon)
Scrolls
 f - a scroll of enchant weapon {unknown}
 g - 2 scrolls of amnesia {unknown}
 i - 2 scrolls of blinking {unknown}
 j - 2 scrolls of enchant armour {unknown}
 k - 2 scrolls of immolation {unknown}
 m - a scroll of identify {unknown}
 n - a scroll of fog {unknown}
 o - a scroll of vulnerability {unknown}
 w - a scroll of teleportation {unknown}
 y - a scroll of summoning {unknown}
Potions
 d - a potion of might
 p - 2 potions of enlightenment {unknown}
 r - a potion of mutation {unknown}
 s - a potion of degeneration {unknown}
 t - a potion of heal wounds {unknown}
 u - a potion of invisibility {unknown}
 z - a potion of lignification {unknown}
 B - a potion of curing {unknown}

Dungeon Overview and Level Annotations

Branches:
Dungeon (5/15) Zot: 26787  Temple (1/1) D:4 Zot: 5955

Altars:
Ashenzari
Cheibriados
Dithmenos
Elyvilon
Fedhas
Gozag
Hepliaklqana
Kikubaaqudgha
Makhleb
Nemelex Xobeh
Okawaru
Qazlal
Ru
Sif Muna
Trog
Uskayaw
Vehumet
Wu Jian
Xom
Yredelemnul
Zin
The Shining One

Shops:
D:2

=( # #.#
##########...#
........O...#
############@######
###
....##............#
#..
......#..##.#####.#
... ♣......####.#
...♣♣..≈≈..#....###.#
.......≈≈...#.......#
............#...###.#
.≈≈.._......#...#
.≈≈.....##..#...#


You could see an ogre.


Message History

No target in view!
No target in view!
No target in view!
No target in view!
No target in view!
No target in view!
No target in view!
No target in view!
No target in view!
Key pressed, stopping explore.
You now have 243 gold pieces (gained 16).
Found a stone staircase leading down. 😎 HP[+7]
Your hp is fully restored (61).
C - the +2 ring mail of Leapfrog {rCorr} An adder comes into view.
An adder is nearby!
The adder hisses angrily.
You hit the adder but do no damage. You headbutt the adder!
The adder misses you. You block the adder's attack.
You slash the adder!
You kill the adder!
Okawaru accepts your kill.
No target in view!
No target in view!
No target in view!
No target in view!
No target in view!
No target in view!
No target in view!
No target in view!
No target in view!
No target in view!
No target in view!
No target in view!
No target in view!
You open the door.
Found an escape hatch in the ceiling.
There is an open door here.
There is an escape hatch in the ceiling here.
An iguana comes into view.
An iguana is nearby!
An iguana is nearby!
The iguana bites you! 😕 HP[-11]
You take 11 damage, and now have 50/61 hp.
You closely miss the iguana. The iguana bites you. 😮 HP[-6]
You take 6 damage, and now have 44/61 hp.
You are too injured to fight recklessly!
You are too injured to fight recklessly!
You are too injured to fight recklessly!
You are too injured to fight recklessly!
You are too injured to fight recklessly!
You are too injured to fight recklessly!
You are too injured to fight recklessly!
You are too injured to fight recklessly!
You are too injured to fight recklessly!
You are too injured to fight recklessly!
You are too injured to fight recklessly!
You are too injured to fight recklessly!
You are too injured to fight recklessly!
You are too injured to fight recklessly!
You are too injured to fight recklessly!
An iguana is nearby!
An iguana is nearby!
An iguana is nearby!
You are too injured to fight recklessly!
Unknown command.
You slash the iguana! The iguana closely misses you.
You block the iguana's attack. 😮 HP[+1]
You slash the iguana!
You kill the iguana!
Okawaru accepts your kill.
Found an ornate altar of the Wu Jian Council. 😎 HP[+16]
Your hp is fully restored (61).
D - an amulet of magic regeneration {@e2}
There is an ornate altar of the Wu Jian Council here.
An ogre comes into view. It is wielding a +0 giant club.
The ogre shouts!
You hear a shout! x2
An ogre is nearby!
You barely miss the ogre.
The ogre hits you with a +0 giant club! 😕 HP[-14]
You take 14 damage, and now have 47/61 hp.
MASSIVE DAMAGE!! (PAUSE)
You slash the ogre!
The ogre hits you with a +0 giant club! 😮 HP[-13]
You take 13 damage, and now have 34/61 hp.
MASSIVE DAMAGE!! (PAUSE)
You hit the ogre. You barely miss the ogre.
The ogre hits you with a +0 giant club!
* * * LOW HITPOINT WARNING * * *
😨 HP[-14]
You take 14 damage, and now have 20/61 hp.
MASSIVE DAMAGE!! (PAUSE)
You hit the ogre.
The ogre hits you with a +0 giant club!!
You die...

Skill      XL: |  1  2  3  4  5  6 |
---------------+-------------------+-----
Axes           | 4 5 6 |  6.3
Fighting       | 4 5 |  5.4
Armour         | 4 5 |  5.5
Shields        | 4 5 |  5.4

Action                     |  1- 3 |  4- 6 |  7- 9 || total
---------------------------+-------+-------+-------++-------
  Melee: War axe           |    38 |    69 |    12 ||   119
         Headbutt          |     1 |    15 |     1 ||    17
 Armour: Scale mail        |    16 |    53 |     7 ||    76
  Dodge: Dodged            |    20 |    33 |     4 ||    57
  Block: Buckler           |     5 |    12 |     2 ||    19

Levels and vault maps discovered:
D:1:      kennysheep_arrival_seaside, layout_rooms
D:2:      cheibrodos_pilgrimage, layout_loops_corners, basic_altar,
          serial_shops, nicolae_shop_hallway_plus, nicolae_shop_gaudy_bauble,
          uniq_sigmund
D:3:      layout_rooms, nicolae_elyvilon_peaceful_grove,
          hangedman_decor_diamond_cutter, hangedman_decor_opposing, hex_tiny,
          uniq_crazy_yiuf_cottage, uniq_jessica, uniq_natasha
D:4:      layout_rooms, minmay_temple_entry_nine_rooms,
          dreamdust_princess_corridor
D:5:      layout_basic, nicolae_wu_jian_wuxing_cycle,
          minmay_misc_feat_nine_boxes, uniq_pikel
Temple:   nicolae_temple_slightly_damp_pantheon

Notes
Turn   | Place    | Note
-------+----------+-------------------------------------------
     0 | D:1      | Sanktem7 the Minotaur Fighter began the quest for the Orb.
     0 | D:1      | Reached XP level 1. HP: 19/19 MP: 0/0
     0 | D:1      | magus.rc [v1.9.6]
    78 | D:1      | You pick up a book of Changes and begin reading...
    78 | D:1      | You add the spells Wereblood and Irradiate to your library.
   166 | D:1      | Reached XP level 2. HP: 24/27 MP: 1/1
   452 | D:1      | Reached skill level 3 in Axes
   749 | D:2      | Noticed Sigmund
   753 | D:2      | Killed Sigmund
   754 | D:2      | Reached skill level 4 in Fighting
   754 | D:2      | Reached skill level 4 in Axes
   754 | D:2      | Reached skill level 4 in Armour
   754 | D:2      | Reached skill level 4 in Shields
   754 | D:2      | Reached XP level 3. HP: 26/34 MP: 2/2
   754 | D:2      | Reached XP level 4. HP: 32/41 MP: 3/3
   754 | D:2      | Reached XP level 5. HP: 36/47 MP: 4/4
   841 | D:2      | Found a hazy altar of Hepliaklqana.
   944 | D:2      | Found Urecu's Jewellery Boutique.
  1095 | D:2      | Found Viawkeer's Antique Weapon Shop.
  1638 | D:3      | Reached skill level 5 in Axes
  1831 | D:3      | Noticed Natasha
  1833 | D:3      | Killed Natasha
  1834 | D:3      | Reached XP level 6. HP: 55/55 MP: 5/5
  1835 | D:3      | You pick up a book of Flames and begin reading...
  1835 | D:3      | You add the spells Inner Flame, Sticky Flame and Flame Wave
                  | to your library.
  1878 | D:3      | Found a white marble altar of Elyvilon.
  1994 | D:3      | Noticed Jessica
  1997 | D:3      | Killed Jessica
  2088 | D:3      | Noticed Natasha
  2092 | D:3      | Killed Natasha
  2097 | D:3      | Found a runed translucent door.
  2098 | D:3      | Noticed Crazy Yiuf
  2120 | D:3      | Noticed Natasha
  2125 | D:3      | Killed Natasha
  2126 | D:3      | Reached skill level 5 in Fighting
  2126 | D:3      | Reached skill level 5 in Armour
  2126 | D:3      | Reached skill level 5 in Shields
  2159 | D:3      | Killed Crazy Yiuf
  2502 | D:4      | Found a staircase to the Ecumenical Temple.
  2508 | Temple   | Entered the Ecumenical Temple
  2531 | Temple   | Became a worshipper of Warmaster Okawaru
  2567 | D:4      | Reached skill level 6 in Axes
  2932 | D:4      | Reached XP level 7. HP: 61/61 MP: 6/6
  2954 | D:5      | Entered Level 5 of the Dungeon
  3022 | D:5      | Identified the +2 ring mail of Leapfrog {rCorr}
  3124 | D:5      | Found an ornate altar of the Wu Jian Council.
  3164 | D:5      | Slain by an ogre

Vanquished Creatures
  Sigmund (D:2)
  A scorpion (D:4)
  An orc priest (D:2)
  A hound (D:4)
  Crazy Yiuf (D:3)
  Jessica (D:3)
  2 iguanas (D:5)
  2 orc wizards (D:4)
  Natasha (thrice) (D:3)
  4 adders
  A shadow imp (D:4)
  A worm (D:2)
  9 orcs
  2 endoplasms
  5 giant cockroaches
  6 hobgoblins
  A quokka (D:2)
  4 ball pythons
  A frilled lizard (D:1)
  6 goblins
  4 kobolds
  6 rats
63 creatures vanquished.

Table legend:
 A = Non-vault XP
 B = Vault XP
 C = Vault XP percentage of total XP
 D = Non-vault monster count
 E = Vault monster count
 F = Vault count percentage of total count
                 A         B        C        D         E       F
            +---------+---------+-------+---------+---------+-------
      Total |     476 |     385 |  44.7 |      53 |      10 |  15.9
            +---------+---------+-------+---------+---------+-------
        D:1 |      23 |       0 |   0.0 |      15 |       0 |   0.0
        D:2 |      15 |     272 |  94.8 |       8 |       7 |  46.7
        D:3 |     109 |     113 |  50.9 |      10 |       3 |  23.1
        D:4 |     244 |       0 |   0.0 |      17 |       0 |   0.0
        D:5 |      85 |       0 |   0.0 |       3 |       0 |   0.0
            +---------+---------+-------+---------+---------+-------

Skill      XL: |  1  2  3  4  5  6 |
---------------+-------------------+-----
Axes           | 4 5 6 |  6.3
Fighting       | 4 5 |  5.4
Armour         | 4 5 |  5.5
Shields        | 4 5 |  5.4

Action                     |  1- 3 |  4- 6 |  7- 9 || total
---------------------------+-------+-------+-------++-------
  Melee: War axe           |    38 |    69 |    12 ||   119
         Headbutt          |     1 |    15 |     1 ||    17
 Armour: Scale mail        |    16 |    53 |     7 ||    76
  Dodge: Dodged            |    20 |    33 |     4 ||    57
  Block: Buckler           |     5 |    12 |     2 ||    19

Illustrated notes

Table legend:
 A = Kills in this place as a percentage of kills in the entire game.
 B = Kills by you in this place as a percentage of kills by you in the entire game.
 C = Kills by friends in this place as a percentage of kills by friends in the entire game.
 D = Other kills in this place as a percentage of other kills in the entire game.
 E = Experience gained in this place as a percentage of experience gained in the entire game.
 F = Experience gained in this place divided by the number of levels of this place that you have seen.
                   A       B       C       D       E      F
               +-------+-------+-------+-------+-------+----------------------
         Total | 100.0 | 100.0 |   N/A |   N/A | 100.0 | 143.5
       Dungeon | 100.0 | 100.0 |   N/A |   N/A | 100.0 | 172.2
               +-------+-------+-------+-------+-------+----------------------

Table legend: (Time is in decaauts)
 A = Elapsed time spent in this place.
 B = Non-inter-level travel time spent in this place.
 C = Inter-level travel time spent in this place.
 D = Time resting spent in this place.
 E = Time spent auto-exploring this place.
 F = Levels seen in this place.
 G = Mean time per level.
                   A        B        C        D        E       F      G
               +--------+--------+--------+--------+--------+-----+--------+
         Total |   3200 |   3037 |    163 |      0 |   2627 |   6 |  533.3 |
       Dungeon |   3155 |   2992 |    163 |      0 |   2627 |   5 |  631.0 |
        Temple |     44 |     44 |      0 |      0 |      0 |   1 |   44.0 |
               +--------+--------+--------+--------+--------+-----+--------+

Top non-repeatable levels by time:
     D:2: 882 daAuts
     D:3: 786 daAuts
     D:4: 642 daAuts
     D:1: 632 daAuts
     D:5: 211 daAuts
  Temple: 44 daAuts
